 Dungeon Crawl Stone Soup version 0.27-a0-1144-g0b7d3b79db (webtiles) character file.

Game seed: 10669245634647483546

289 jien the Shield-Bearer (level 6, -2/38 HPs)
             Began as a Gargoyle Fighter on May 10, 2021.
             Killed by divine providence
             ... invoked by an orc priest
              (15 damage)
             ... on level 4 of the Dungeon.
             The game lasted 00:04:09 (3298 turns).

jien the Shield-Bearer (Gargoyle Fighter)           Turns: 3298, Time: 00:04:09

Health: -2/38      AC: 12    Str: 21    XL:     6   Next: 31%
Magic:  6/6        EV:  7    Int:  9    God:
Gold:   188        SH: 10    Dex:  9    Spells: 5/5 levels left

rFire    . . .     SeeInvis .   a - +0 war axe
rCold    . . .     Faith    .   c - +1 kite shield
rNeg     + . .     Spirit   .   b - +0 scale mail
rPois    ∞         Reflect  .   (no helmet)
rElec    +         Harm     .   k - +0 cloak
rCorr    .         Rampage  .   (no gloves)
Will     .....                  (no boots)
Stlth    ..........             (no amulet)
HPRegen  0.12/turn              (no ring)
MPRegen  0.10/turn              (no ring)

@: no status effects
A: sickness immunity, AC +4, negative energy resistance 1, electricity
resistance, torment resistance 1, petrification resistance
a: no special abilities


You were on level 4 of the Dungeon.
You visited 1 branch of the dungeon, and saw 4 of its levels.

You collected 188 gold pieces.

Inventory:

Hand Weapons
 a - a +0 war axe (weapon)
Missiles
 t - 18 poisoned darts (quivered)
Armour
 b - a +0 scale mail (worn)
 c - a +1 kite shield (worn)
 k - a +0 cloak (worn)
Scrolls
 e - 2 scrolls of silence {unknown}
 f - 2 scrolls of blinking {unknown}
 g - 2 scrolls of identify {unknown}
 h - a scroll of acquirement {unknown}
 o - 2 scrolls of enchant armour
 p - a scroll of noise {unknown}
 q - a scroll of teleportation {unknown}
 w - a scroll of amnesia {unknown}
Potions
 d - 3 potions of might
 i - 2 potions of invisibility {unknown}
 j - a potion of heal wounds {unknown}
 l - a potion of brilliance {unknown}
 m - a potion of haste {unknown}
 n - 3 potions of degeneration {unknown}
 r - a potion of berserk rage {unknown}
 s - a potion of cancellation {unknown}
 u - a potion of curing {unknown}
 v - a potion of lignification {unknown}
 x - a potion of ambrosia {unknown}
 z - a potion of flight {unknown}


   Skills:
 + Level 3.9 Fighting
 * Level 4.0 Axes
 + Level 4.4 Armour
 + Level 0.9 Dodging
 + Level 0.1 Stealth
 + Level 4.5 Shields


You had 5 spell levels left.
You didn't know any spells.
Your spell library was empty.

Dungeon Overview and Level Annotations

Branches:
Dungeon (4/15)
 Temple: D:4-7

Altars:
Wu Jian

Annotations:
D:4 2 transporters, mdk's ghost, amateur VSMo


Innate Abilities, Weirdness & Mutations

You are immune to sickness and miasma.
Your stone body is resilient. (AC +4)
You are immune to poison.
You resist negative energy. (rN+)
You are resistant to electric shocks. (rElec)
You are resistant to unholy torment.
You are immune to petrification.


Message History

You hit the orc.
You kill the orc!
You hit the orc. You hit the orc priest. The orc barely misses you.
You block the orc priest's attack.
Your shield and scale mail prevent you from hitting the orc.
The orc is heavily wounded.
You barely miss the orc priest. The orc hits you but does no damage.
The orc priest invokes the aid of Beogh against you.
Pain shoots through your body!
The orc priest hits you but does no damage.
You block the orc's attack.
You closely miss the orc.
The orc is heavily wounded.
You closely miss the orc priest. The orc hits you with a +0 trident.
The orc priest hits you but does no damage.
You closely miss the orc.
The orc is heavily wounded.
You hit the orc priest but do no damage.
You block the orc's attack.
The orc priest invokes the aid of Beogh against you.
Beogh smites you! The orc hits you but does no damage.
The orc priest barely misses you.
You are too injured to fight recklessly!
You are too injured to fight recklessly!
You are too injured to fight recklessly!
Unknown command.
You are too injured to fight recklessly!
You closely miss the orc priest.
The orc priest is moderately wounded.
You hit the orc. You block the orc's attack.
The orc priest begins to cast a cantrip, but forgets the words!
Unknown command.
You hit the orc priest.
The orc priest is moderately wounded.
You barely miss the orc. You block the orc's attack.
The orc priest hits you but does no damage.
The orc hits you but does no damage.
The orc priest calls down the wrath of Beogh upon you.
Beogh smites you!
You die...

#...# #..## #..
#.#.###.#.# #.>#
#.#....###. #..#
#.#...## ## #..#
#.#..#.###.
#..######.....)##.#.#
#..#.....##.#.####.##
#.###..#oo...##.#)#
#.# #.......@)....#
#.# #.#
#####......!..# #.#
#.# #.....#........
#.# #.#####......##
#.# #.# #......# #.#
#.# #.###### #.# #.#
#.. #.# #.# ### #.#
#.# #.#


You could see an orc priest and an orc.

Vanquished Creatures
  A centaur zombie (D:4)
  2 hounds (D:4)
  2 jellies (D:4)
  4 adders
  2 worms
  An adder skeleton (D:4)
  A dart slug (D:4)
  5 orcs
  3 bats
  3 endoplasms
  2 giant cockroaches
  7 goblins
  4 hobgoblins
  19 jackals
  7 kobolds
  4 quokkas
  6 ball pythons
  3 frilled lizards
  5 rats
81 creatures vanquished.

Notes
Turn   | Place    | Note
-------+----------+-------------------------------------------
     0 | D:1      | jien the Gargoyle Fighter began the quest for the Orb.
     0 | D:1      | Reached XP level 1. HP: 14/14 MP: 1/1
    97 | D:1      | Reached XP level 2. HP: 19/19 MP: 2/2
   271 | D:1      | Reached XP level 3. HP: 14/23 MP: 3/3
   816 | D:2      | Reached XP level 4. HP: 26/29 MP: 4/4
  1609 | D:3      | Found an ornate altar of the Wu Jian Council.
  2353 | D:3      | Reached XP level 5. HP: 32/33 MP: 5/5
  2813 | D:4      | Reached XP level 6. HP: 33/38 MP: 6/6
  2935 | D:4      | Noticed mdk's ghost (amateur VSMo)
  2936 | D:4      | Found a transporter.
  2942 | D:4      | Found a transporter.
  3298 | D:4      | Killed from afar by an orc priest

Illustrated notes

Levels and vault maps discovered:
D:1:      onia_arrival_pentagram, layout_rooms
D:2:      layout_loops_corners
D:3:      layout_basic, amcnicky_altar_gilded, moated_statue, st_stairs_12
D:4:      layout_loops_ring, gammafunk_ghost_smash

Skill      XL: |  1  2  3  4  5  6 |
---------------+-------------------+-----
Axes           | 2 3 4 |  4.0
Shields        | 4 |  4.5
Armour         | 4 |  4.4
Fighting       | |  3.9
Dodging        | |  0.9
Stealth        | |  0.1

Action                   |  1- 3 |  4- 6 || total
-------------------------+-------+-------++-------
Melee: War axe           |   113 |   168 ||   281
  Use: Scroll            |       |     1 ||     1
Armor: Scale mail        |   139 |   127 ||   266
Dodge: Dodged            |    88 |    75 ||   163
Block: Kite shield       |    95 |   130 ||   225

Table legend: (Time is in decaauts)
 A = Elapsed time spent in this place.
 B = Non-inter-level travel time spent in this place.
 C = Inter-level travel time spent in this place.
 D = Time resting spent in this place.
 E = Time spent auto-exploring this place.
 F = Levels seen in this place.
 G = Mean time per level.
                   A        B        C        D        E       F      G
               +--------+--------+--------+--------+--------+-----+--------+
         Total |   3464 |   3435 |     29 |    161 |   2611 |   4 |  866.0 |
       Dungeon |   3464 |   3435 |     29 |    161 |   2611 |   4 |  866.0 |
               +--------+--------+--------+--------+--------+-----+--------+

Top non-repeatable levels by time:
     D:3: 1064 daAuts
     D:2: 927 daAuts
     D:1: 769 daAuts
     D:4: 703 daAuts
